 Dungeon Sprint DCSS version 0.28-a0-258-g8de209e91f (webtiles) character file.

Game seed: 16035634458900982801

80955 MikeHunt the Bludgeoner (level 15, -2/124 HPs)
             Began as a Formicid Conjurer on Aug 26, 2021.
             Was a High Priest of Okawaru.
             Slain by a skeletal warrior (8 damage)
             ... in the Dungeon (Sprint III: "The Ten Rune Challenge").
             The game lasted 00:49:20 (10021 turns).

MikeHunt the Bludgeoner (Formicid Conjurer)        Turns: 10021, Time: 00:49:20

Health: -2/124     AC: 19    Str: 16    XL:     15   Next: 8%
Magic:  28/28      EV: 15    Int: 22    God:    Okawaru [*****.]
Gold:   238        SH:  4    Dex: 11    Spells: 19/33 levels left

rFire   + . .      SeeInvis +   a - +6 shillelagh "Devastator" {god gift, shatter}
rCold   + . .      Faith    .   r - +0 buckler
rNeg    . . .      Spirit   .   d - +2 swamp dragon scales {god gift}
rPois   +          Reflect  .   (helmet unavailable)
rElec   .          Harm     .   s - +2 cloak {Stlth+}
rCorr   .          Rampage  .   (no gloves)
Will    +....                   n - +2 pair of boots {Fly} {god gift}
Stlth   ++........              I - amulet of the Equinox {Regen+ Str+4}
HPRegen 0.30/turn               i - ring of protection from fire
MPRegen 0.21/turn               c - ring of protection from cold

@: lethally poisoned (-2 -> -19), flying
A: permanent stasis, dig shafts and tunnels, antennae 3, four strong arms
}: 2/10 runes: decaying, barnacled
a: Dig, Renounce Religion, Heroism, Finesse, Duel


You were in the Dungeon.
You worshipped Okawaru.
Okawaru was extremely pleased with you.
You visited 1 branch You collected 2842 gold pieces.
You spent 2604 gold pieces at shops.

Inventory:

Hand Weapons
 a - the +6 shillelagh "Devastator" (weapon) {god gift, shatter}
   (Okawaru gifted it to you in the Dungeon)

   It releases a powerful concussive burst when it strikes, dealing extra damage
   to the target and all other foes adjacent to them.
 b - the +8 storm bow {elec, penet}
   (You bought it in a shop in the Dungeon)

   Any ammunition fired from it occasionally discharges a powerful burst of
   electricity upon striking a foe.
   Any ammunition fired by it passes through the targets it hits, potentially
   hitting all targets in its path until it reaches maximum range.
 j - a +5 arbalest of flaming
 A - a +2 great mace of protection {god gift}
 C - a +2 vorpal great mace
Missiles
 k - 10 javelins {god gift}
 q - 7 curare-tipped darts
 x - 95 arrows
Armour
 d - +2 swamp dragon scales (worn) {god gift}
 n - a +2 pair of boots of flying (worn) {god gift}
 p - a +2 scale mail of cold resistance
 r - a +0 buckler (worn)
 s - a +2 cloak of stealth (worn)
 w - +0 fire dragon scales
Jewellery
 c - a ring of protection from cold (right hand)
 i - a ring of protection from fire (left hand)
 l - the ring "Ciut" {rN+ Str+3 Int+3 SInv}
   (You found it in the Dungeon)

   [ring of positive energy]

   Str:       It affects your strength (+3).
   Int:       It affects your intelligence (+3).
   rN:        It protects you from negative energy.
   SInv:      It lets you see invisible.
 t - an amulet of guardian spirit
 y - a +4 ring of evasion
 B - a ring of poison resistance
 E - the ring "Locruim" {rPois Int+2}
   (You took it off a deep elf annihilator in the Dungeon)

   [ring of poison resistance]

   Int:       It affects your intelligence (+2).
   rPois:     It protects you from poison.
 G - an amulet of magic regeneration
 I - the amulet of the Equinox (around neck) {Regen+ Str+4}
   (You found it in the Dungeon)

   [amulet of regeneration]

   Str:       It affects your strength (+4).
   Regen:     It increases your rate of health regeneration.
 J - the ring of Broken Luck {AC+4 Int+5}
   (You found it in the Dungeon)

   [ring of protection]

   AC:        It affects your AC (+4).
   Int:       It affects your intelligence (+5).
Wands
 v - a wand of polymorph (7)
 H - a wand of acid (7)
Scrolls
 e - a scroll of immolation
 f - 12 scrolls of identify
 o - a scroll of fog
 u - a scroll of torment
 D - 3 scrolls of silence {unknown}
 F - 2 scrolls of amnesia {unknown}
Potions
 g - 3 potions of flight
 h - 6 potions of mutation
Miscellaneous
 m - a phial of floods
 z - a piece from Xom's chessboard (15/15)
 K - a phantom mirror


   Skills:
 - Level 13.2 Fighting
 - Level 10.4 Long Blades
 + Level 16.8 Maces & Flails
 + Level 15.9 Bows
 - Level 11.3 Armour
 - Level 11.7 Dodging
 - Level 2.4 Stealth
 - Level 2.4 Shields
 - Level 9.6 Spellcasting
 - Level 12.8 Conjurations
 - Level 6.6 Hexes
 - Level 7.4 Translocations
 - Level 14.2 Invocations


You had 19 spell levels left.
You knew the following spells:

 Your Spells              Type           Power      Damage    Failure   Level
a - Dazzling Flash        Conj/Hex       100%       N/A       1%          3
d - Iskenderun's Mystic   Conj/Tloc      53%        2d11      1%          4
e - Magic Dart            Conj           100%       1d8       1%          1
r - Searing Ray           Conj           100%       3d7       1%          2
t - Fulminant Prism       Conj/Hex       26%        3d14      1%          4

Your spell library contained the following spells:

 Spells                   Type           Power      Damage    Failure   Level
 Gell's Gravitas          Tloc           21%        N/A       1%          3
 Lesser Beckoning         Tloc           21%        N/A       1%          3
 Teleport Other           Tloc           43%        N/A       1%          3
 Ensorcelled Hibernation  Hex/Ice        50%        N/A       4%          2
 Mephitic Cloud           Conj/Pois/Air  29%        N/A       5%          3
 Manifold Assault         Tloc           43%        N/A       13%         5
 Frozen Ramparts          Ice            20%        1d4       30%         3
 Ozocubu's Armour         Ice            10%        N/A       30%         3
 Freezing Cloud           Conj/Ice/Air   14%        6-21      43%         5
 Metabolic Englaciation   Hex/Ice        12%        N/A       58%         5
 Ice Form                 Ice/Tmut       10%        N/A       71%         4
 Starburst                Conj/Fire      19%        6d7       73%         6
 Ozocubu's Refrigeration  Ice            5%         4d6       100%        7
 Storm Form               Tmut/Air       5%         N/A       100%        7
 Blink                    Tloc           Unusable   N/A       N/A         2
 Call Imp                 Summ           Unusable   N/A       N/A         2
 Summon Ice Beast         Ice/Summ       Unusable   N/A       N/A         4

Dungeon Overview and Level Annotations

Branches:
Dungeon (1/1)

Altars:
Cheibriados
Dithmenos
Elyvilon
Fedhas
Gozag
Hepliaklqana
Kikubaaqudgha
Makhleb
Nemelex Xobeh
Okawaru
Qazlal
Ru
Sif Muna
Trog
Uskayaw
Vehumet
Wu Jian
Xom
Yredelemnul
Zin
The Shining One
Beogh
Jiyva
Lugonu

Shops:
D (=???=((=?[[!?:*?:

Annotations:
D Sojobo


Innate Abilities, Weirdness & Mutations

You cannot be hasted, slowed, berserked, paralysed or teleported.
You can dig through walls and to a lower floor.
You have a pair of large antennae on your head. (SInv)
Your four strong arms can wield two-handed weapons with a shield.


Message History

You feel extremely sick.
You reach down and open the door.
A skeletal warrior comes into view. It is wielding a +0 hand axe.
You are engulfed in dark miasma.
You are lethally poisoned!
You feel extremely sick.
* * * LOW HITPOINT WARNING * * *
You feel extremely sick.
There is an open door here.
Unknown command.
Unknown command.
Okay, then.
Unknown command.
Okay, then.
Unknown command.
The helpless skeletal warrior fails to defend itself.
You sock the skeletal warrior!
The skeletal warrior shudders.
The skeletal warrior is heavily damaged. x2
* * * LOW HITPOINT WARNING * * *
You feel very sick.
You closely miss the skeletal warrior.
The skeletal warrior is heavily damaged.
* * * LOW HITPOINT WARNING * * *
You feel very sick.
The skeletal warrior completely misses you.
You hit the skeletal warrior but do no damage.
The skeletal warrior is heavily damaged.
* * * LOW HITPOINT WARNING * * *
You feel very sick.
The skeletal warrior hits you with a +0 hand axe.
* * * LOW HITPOINT WARNING * * *
You hit the skeletal warrior.
The skeletal warrior shudders.
The skeletal warrior is almost destroyed. x2
* * * LOW HITPOINT WARNING * * *
You feel very sick.
You barely miss the skeletal warrior.
The skeletal warrior is almost destroyed.
* * * LOW HITPOINT WARNING * * *
You feel very sick.
The skeletal warrior hits you with a +0 hand axe!
You die...

≈..#)|#...#.≈§§≈# {
#.#.#§#.#.
.☼○#)(#...#.#§≈≈## { #§##§
≈#☼##○#####.#c§§≈###
#Q..#.#§+§
.☼☼○°.#.....###≈≈≈≈§§
##########
#######..)..#.#c§≈≈§§
#)..#|..#[
......#.....#°###≈≈≈§
#...#...#.
♣♣♣._.#.....#...#c≈ §
##'###'##. ####'#####°°☼###
###.......'.
#.....+...@z#{##.#.#####.##
#.#############..'.#)..'.#.
####
#.#[........).'..#######.'.
≈..# #.#.......########
#.## .≈.#
#.#.....###.∩⌠⌠∩.# #.#.
...# #.#...###§#.∩⌠⌠..# {
#.'. ..##
#.#)###§§.#.∩∩∩∩.# {#.#.
###♣♣ #.#)#§§.§§#.∩∩∩∩.#{
#.#. ≈...♣
#.#§§.§§§§#......# {#.+.#.


You could see a skeletal warrior.

Vanquished Creatures
  Sigmund (D)
  Rupert (D)
  A deep elf blademaster (D)
  Gastronok (D)
  Polyphemus (D)
  Chuck (D)
  Ilsuiw (D)
  4 azure jellies (D)
  A deep elf demonologist (D)
  2 dire elephants (D)
  3 deep elf annihilators (D)
  A merfolk javelineer (D)
  A deep elf death mage (D)
  A fire dragon (D)
  A yaktaur captain (D)
  A deep elf high priest (D)
  A hydra (D)
  Erolcha (D)
  A centaur warrior (D)
  Urug (D)
  3 death yaks (D)
  2 death drakes (D)
  A spectral hydra (D)
  A spriggan druid (D)
  A lindwurm (D)
  An orange crystal statue (D)
  6 deep elf pyromancers (D)
  A crystal guardian (D)
  2 ugly things (D)
  2 orc sorcerers (D)
  2 elephants (D)
  2 black mambas (D)
  A manticore (shapeshifter) (D)
  2 cane toads (D)
  Edmund (D)
  A rime drake (D)
  A komodo dragon (D)
  A yaktaur (shapeshifter) (D)
  3 wandering mushrooms (D)
  4 spriggan defenders (D)
  A queen bee (D)
  2 tyrant leeches (D)
  7 blink frogs (D)
  3 orc high priests (D)
  3 slime creatures (D)
  3 dream sheep (D)
  5 redbacks (D)
  2 spriggans (D)
  A shadow (D)
  A tarantella (shapeshifter) (D)
  A spatial vortex (D)
  2 hydra simulacra (D)
  A floating eye (D)
  A swamp drake (D)
  3 orc warriors (D)
  2 black mamba simulacra (D)
  A necrophage (D)
  5 two-headed ogres (D)
  3 swamp dragon skeletons (D)
  A scorpion (D)
  A water elemental (D)
  32 killer bees (D)
  An electric eel (D)
  4 orc priests (D)
  A jelly (D)
  Jessica (D)
  A wizard (D)
  An orc wizard (D)
  A necromancer (D)
  3 humans (D)
  A kobold demonologist (D)
  9 orcs (D)
  An endoplasm (D)
  A rat (D)
170 creatures vanquished.

Vanquished Creatures (others)
  2 hydras (D)
  A death yak (D)
  A sea snake (D)
  A death drake (D)
  A hornet (D)
  A blink frog (D)
  54 fulminant prisms (D)
  34 plants (D)
95 creatures vanquished.

Grand Total: 265 creatures vanquished

Notes
Turn   | Place    | Note
-------+----------+-------------------------------------------
     0 | D        | MikeHunt the Formicid Conjurer began the quest for the Orb.
     0 | D        | Reached XP level 1. HP: 13/13 MP: 3/3
    53 | D        | Noticed Jessica
    56 | D        | Killed Jessica
    57 | D        | Reached skill level 5 in Conjurations
    57 | D        | Reached XP level 2. HP: 19/19 MP: 1/7
    57 | D        | Reached XP level 3. HP: 24/24 MP: 1/9
    65 | D        | Learned a level 2 spell: Searing Ray
   132 | D        | Noticed a scorpion
   144 | D        | Killed a scorpion
   145 | D        | Reached XP level 4. HP: 25/30 MP: 1/12
   256 | D        | Reached XP level 5. HP: 31/35 MP: 10/14
   300 | D        | Noticed a water elemental
   304 | D        | Killed a water elemental
   310 | D        | Learned a level 3 spell: Dazzling Flash
   315 | D        | Learned a level 4 spell: Fulminant Prism
   347 | D        | Found a hide-covered altar of Uskayaw.
   347 | D        | Found an iron altar of Okawaru.
   347 | D        | Found a bloodstained altar of Trog.
   347 | D        | Found an ornate altar of the Wu Jian Council.
   347 | D        | Noticed a human
   348 | D        | Noticed a human
   356 | D        | Killed a human
   357 | D        | Reached XP level 6. HP: 12/41 MP: 8/17
   360 | D        | Killed a human
   361 | D        | Reached XP level 7. HP: 11/46 MP: 4/20
   583 | D        | Became a worshipper of Warmaster Okawaru
   595 | D        | Learned a level 4 spell: Iskenderun's Mystic Blast
   597 | D        | Found a shadowy altar of Dithmenos.
   603 | D        | Found a basalt altar of Yredelemnul.
   603 | D        | Found a sacrificial altar of Ru.
   781 | D        | Noticed a shadow
   789 | D        | Killed a shadow
   790 | D        | Reached skill level 5 in Dodging
   790 | D        | Reached XP level 8. HP: 42/52 MP: 11/21
   857 | D        | Found a glowing silver altar of Zin.
   857 | D        | Found a glowing golden altar of the Shining One.
   857 | D        | Found a white marble altar of Elyvilon.
   858 | D        | Noticed a deep elf pyromancer
   864 | D        | Killed a deep elf pyromancer
   864 | D        | Reached * piety under Okawaru
   864 | D        | Reached ** piety under Okawaru
   996 | D        | Found a blossoming altar of Fedhas.
   996 | D        | Found a stormy altar of Qazlal.
   997 | D        | Found a snail-covered altar of Cheibriados.
   997 | D        | Found a burning altar of Makhleb.
   997 | D        | Found a shimmering altar of Xom.
  1003 | D        | Found a hazy altar of Hepliaklqana.
  1003 | D        | Found an opulent altar of Gozag.
  1003 | D        | Found a sparkling altar of Nemelex Xobeh.
  1003 | D        | Found a corrupted altar of Lugonu.
  1003 | D        | Found a viscous altar of Jiyva.
  1075 | D        | Reached XP level 9. HP: 63/63 MP: 7/22
  1236 | D        | Noticed a two-headed ogre
  1243 | D        | Killed a two-headed ogre
  1244 | D        | Reached skill level 5 in Fighting
  1516 | D        | Noticed an orc sorcerer
  1519 | D        | Found a radiant altar of Vehumet.
  1523 | D        | Found a shimmering blue altar of Sif Muna.
  1523 | D        | Found an ancient bone altar of Kikubaaqudgha.
  1539 | D        | Killed an orc sorcerer
  1541 | D        | Noticed an orc sorcerer
  1563 | D        | Killed an orc sorcerer
  1563 | D        | Reached *** piety under Okawaru
  1564 | D        | Reached skill level 10 in Invocations
  1681 | D        | Reached XP level 10. HP: 68/83 MP: 19/23
  1849 | D        | Found Ixoucox's Magic Scroll Emporium.
  1867 | D        | Bought a scroll of fear for 45 gold pieces
  1867 | D        | Bought a scroll of fog for 26 gold pieces
  1867 | D        | Bought a scroll of identify for 26 gold pieces
  1903 | D        | Noticed Erolcha
  1908 | D        | Killed Erolcha
  1908 | D        | Reached **** piety under Okawaru
  1909 | D        | Reached skill level 10 in Fighting
  2281 | D        | Noticed a cane toad
  2281 | D        | Noticed a komodo dragon
  2281 | D        | Noticed a cane toad
  2284 | D        | Killed a cane toad
  2284 | D        | Killed a cane toad
  2288 | D        | Killed a komodo dragon
  2288 | D        | Received a gift from Okawaru
  2288 | D        | Reached ***** piety under Okawaru
  2289 | D        | Reached XP level 11. HP: 66/98 MP: 11/24
  2901 | D        | Noticed a lindwurm
  2921 | D        | Killed a lindwurm
  2922 | D        | Reached skill level 10 in Dodging
  3351 | D        | Reached skill level 1 in Long Blades
  3351 | D        | Reached skill level 1 in Armour
  3480 | D        | Noticed a deep elf pyromancer
  3480 | D        | Noticed a deep elf pyromancer
  3480 | D        | Noticed a deep elf pyromancer
  3480 | D        | Noticed a deep elf pyromancer
  3480 | D        | Noticed a deep elf pyromancer
  3494 | D        | Killed a deep elf pyromancer
  3494 | D        | Killed a deep elf pyromancer
  3494 | D        | Received a gift from Okawaru
  3498 | D        | Killed a deep elf pyromancer
  3499 | D        | Reached skill level 10 in Conjurations
  3512 | D        | Killed a deep elf pyromancer
  3512 | D        | Killed a deep elf pyromancer
  3513 | D        | Reached skill level 5 in Long Blades
  3513 | D        | Reached skill level 5 in Armour
  3764 | D        | Noticed Sigmund
  3764 | D        | Noticed Edmund
  3773 | D        | Killed Sigmund
  3773 | D        | Reached ****** piety under Okawaru
  3774 | D        | Reached XP level 12. HP: 87/105 MP: 8/25
  3785 | D        | Killed Edmund
  3893 | D        | Noticed Urug
  3909 | D        | Killed Urug
  4071 | D        | Noticed a six-headed hydra
  4071 | D        | Noticed a seven-headed hydra
  4073 | D        | Noticed a death drake
  4160 | D        | Killed a six-headed hydra
  4180 | D        | Killed a death drake
  4221 | D        | Killed a seven-headed hydra
  4285 | D        | Reached skill level 10 in Armour
  4617 | D        | Found a blossoming altar of Fedhas.
  4617 | D        | Noticed a spriggan druid
  4625 | D        | Killed a spriggan druid
  4649 | D        | Reached skill level 10 in Long Blades
  4729 | D        | Killed a death yak
  4754 | D        | Killed a sea snake
  4916 | D        | Noticed a yaktaur captain
  5079 | D        | Found Gumimoas's Armour Boutique.
  5079 | D        | Found Vuzafer's Distillery.
  5079 | D        | Found Xunoit's Book Shop.
  5079 | D        | Found Vill's Book Shoppe.
  5079 | D        | Found Cosches's Magic Scroll Shoppe.
  5079 | D        | Found Anineshi's Antique Armour Boutique.
  5079 | D        | Found Aliuvvyi's Magic Scroll Emporium.
  5079 | D        | Found Taguuj's Magic Scroll Shop.
  5079 | D        | Found Ijaid's Jewellery Shop.
  5079 | D        | Found Muewnil's Antique Weapon Emporium.
  5079 | D        | Found Ingareewk's General Store.
  5094 | D        | Bought a +0 buckler for 49 gold pieces
  5101 | D        | Bought a runed cloak for 202 gold pieces
  5133 | D        | Bought the +8 storm bow {elec, penet} for 1396 gold pieces
  5133 | D        | Found the +8 storm bow {elec, penet}
  5166 | D        | Reached skill level 1 in Bows
  5173 | D        | Received a gift from Okawaru
  5173 | D        | Found the +6 shillelagh "Devastator" {god gift, shatter}
  5213 | D        | Reached skill level 2 in Maces & Flails
  5213 | D        | Reached XP level 13. HP: 72/111 MP: 6/26
  5316 | D        | Reached skill level 3 in Maces & Flails
  5574 | D        | Reached skill level 4 in Maces & Flails
  5576 | D        | Reached skill level 5 in Maces & Flails
  5614 | D        | Noticed a centaur warrior
  5619 | D        | Killed a centaur warrior
  5620 | D        | Reached skill level 7 in Maces & Flails
  5626 | D        | Noticed a fire dragon
  5644 | D        | Killed a fire dragon
  5645 | D        | Reached skill level 8 in Maces & Flails
  5874 | D        | Reached skill level 1 in Shields
  5890 | D        | Noticed a yaktaur captain
  5895 | D        | Killed a yaktaur captain
  5896 | D        | Reached skill level 9 in Maces & Flails
  5914 | D        | Received a gift from Okawaru
  5915 | D        | Reached skill level 5 in Bows
  6072 | D        | Noticed Chuck
  6081 | D        | Killed Chuck
  6081 | D        | Received a gift from Okawaru
  6082 | D        | Reached skill level 10 in Maces & Flails
  6130 | D        | Noticed Sojobo
  6353 | D        | Bought a ring of protection from cold for 250 gold pieces
  6353 | D        | Bought a ring of protection from fire for 250 gold pieces
  6694 | D        | Identified the ring "Ciut" {rN+ Str+3 Int+3 SInv}
  6902 | D        | Received a gift from Okawaru
  6903 | D        | Reached skill level 11 in Maces & Flails
  7169 | D        | Found Kuellepn's Magic Scroll Emporium.
  7169 | D        | Found Ceatzat's Jewellery Shop.
  7169 | D        | Found Himu's Antique Weapon Shoppe.
  7248 | D        | Bought an amulet of guardian spirit for 360 gold pieces
  7634 | D        | Noticed Gastronok
  7635 | D        | Noticed a dire elephant
  7636 | D        | Noticed a dire elephant
  7665 | D        | Killed a dire elephant
  7673 | D        | Killed a dire elephant
  7673 | D        | Received a gift from Okawaru
  7674 | D        | Reached skill level 12 in Maces & Flails
  7682 | D        | Killed Gastronok
  7755 | D        | Received a gift from Okawaru
  8105 | D        | Noticed an azure jelly
  8105 | D        | Noticed an azure jelly
  8105 | D        | Noticed an azure jelly
  8106 | D        | Noticed an azure jelly
  8111 | D        | Noticed Rupert
  8122 | D        | Killed Rupert
  8123 | D        | Reached skill level 13 in Maces & Flails
  8123 | D        | Reached skill level 10 in Bows
  8123 | D        | Reached XP level 14. HP: 118/118 MP: 20/27
  8174 | D        | Reached skill level 14 in Maces & Flails
  8221 | D        | Killed an azure jelly
  8229 | D        | Killed an azure jelly
  8229 | D        | Received a gift from Okawaru
  8248 | D        | Killed an azure jelly
  8339 | D        | Killed an azure jelly
  8719 | D        | Noticed Polyphemus
  8737 | D        | Killed Polyphemus
  8737 | D        | Received a gift from Okawaru
  8754 | D        | Noticed Ilsuiw
  8787 | D        | Killed Ilsuiw
  8797 | D        | Found Ofififil's Antique Weapon Shoppe.
  8803 | D        | Found Zobapparr's Jewellery Boutique.
  8804 | D        | Found Sismionk's Magic Scroll Emporium.
  8810 | D        | Received a gift from Okawaru
  8811 | D        | Reached skill level 15 in Maces & Flails
  8831 | D        | Got a barnacled rune of Zot
  9180 | D        | Got a decaying rune of Zot
  9291 | D        | Identified the ring "Locruim" {rPois Int+2}
  9291 | D        | Noticed a deep elf annihilator
  9292 | D        | Noticed a deep elf demonologist
  9305 | D        | Noticed a deep elf blademaster
  9309 | D        | Killed a deep elf annihilator
  9316 | D        | Reached skill level 15 in Bows
  9703 | D        | Noticed a deep elf annihilator
  9720 | D        | Noticed a deep elf annihilator
  9729 | D        | Killed a deep elf annihilator
  9730 | D        | Reached skill level 16 in Maces & Flails
  9738 | D        | Killed a deep elf annihilator
  9743 | D        | Noticed an Executioner
  9777 | D        | Killed a deep elf blademaster
  9778 | D        | Reached XP level 15. HP: 124/124 MP: 28/28
  9792 | D        | Noticed a Tzitzimitl
  9830 | D        | Got Sif Muna's Handbook of the Frostbite
  9831 | D        | Identified the amulet of the Equinox {Regen+ Str+4}
  9831 | D        | Identified the ring of Broken Luck {AC+4 Int+5}
 10021 | D        | HP: 6/124 [poison (dark miasma)]
 10021 | D        | Slain by a skeletal warrior

Illustrated notes

Levels and vault maps discovered:
D:        dungeon_sprint_mu [sprint_mu_entry_forest, sprint_mu_temple_rooms,
          sprint_mu_d1_spiders, sprint_mu_d2_genie, sprint_mu_d3_branching,
          sprint_mu_orc_legion, sprint_mu_elf_gauntlet, sprint_mu_hive_nellie,
          sprint_mu_lair_fedhas, sprint_mu_vaults_butterflies,
          sprint_mu_slime_circle, sprint_mu_swamp_cave, sprint_mu_shoals_archi,
          sprint_mu_blade_basic, sprint_mu_crypt_chambers,
          sprint_mu_tomb_spiral, sprint_mu_vestibule_basic,
          sprint_mu_gehenna_hellfire, sprint_mu_dis_giant,
          sprint_mu_tartarus_statrot, sprint_mu_cocytus_islands, sprint_mu_zot1]

Skill      XL: |  1  2  3  4  5  6  7  8  9 10 11 12 13 14 |
---------------+-------------------------------------------+-----
Conjurations   | 5 6 8 9 11 12 | 12.8
Spellcasting   | 4 6 8 9 |  9.6
Hexes          | 4 6 |  6.6
Dodging        | 5 7 11 | 11.7
Translocations | 4 7 |  7.4
Fighting       | 3 9 13 | 13.2
Invocations    | 3 10 14 | 14.2
Long Blades    | 8 10 | 10.4
Armour         | 8 11 | 11.3
Bows           | 3 10 15 | 15.9
Maces & Flails | 2 13 16 | 16.8
Shields        | 2 |  2.4
Stealth        | |  2.4

Action                   |  1- 3 |  4- 6 |  7- 9 | 10-12 | 13-15 || total
-------------------------+-------+-------+-------+-------+-------++-------
Melee: Long sword        |       |       |       |    50 |       ||    50
       Shillelagh        |       |       |       |       |   252 ||   252
 Fire: Longbow           |       |       |       |       |   160 ||   160
 Cast: Magic Dart        |     8 |     1 |     2 |     4 |     1 ||    16
       Searing Ray       |     2 |     7 |    19 |    48 |     1 ||    77
       Fulminant Prism   |       |       |    13 |    39 |     2 ||    54
       Iskenderun's Myst |       |       |       |    26 |       ||    26
       Dazzling Flash    |       |       |       |     1 |       ||     1
Invok: Heroism           |       |       |       |     3 |    12 ||    15
       Finesse           |       |       |       |       |     6 ||     6
 Abil: Dig               |       |       |     1 |     1 |     1 ||     3
  Use: Potion            |       |     2 |       |     2 |     4 ||     8
       Scroll            |       |       |       |     2 |     1 ||     3
 Stab: Sleeping          |       |       |       |       |     5 ||     5
Armor: Robe              |       |     1 |       |     3 |       ||     4
       Scale mail        |       |       |       |     4 |       ||     4
       Swamp dragon scal |       |       |       |    33 |    94 ||   127
Dodge: Dodged            |     1 |    12 |    10 |   130 |   124 ||   277
Block: Buckler           |       |       |       |     3 |    39 ||    42
       Rpst.: Long sword |       |       |     1 |    40 |       ||    41

Table legend: (Time is in decaauts)
 A = Elapsed time spent in this place.
 B = Non-inter-level travel time spent in this place.
 C = Inter-level travel time spent in this place.
 D = Time resting spent in this place.
 E = Time spent auto-exploring this place.
 F = Levels seen in this place.
 G = Mean time per level.
                   A        B        C        D        E       F      G
               +--------+--------+--------+--------+--------+-----+--------+
         Total |   9938 |   9254 |    684 |   6468 |      0 |   1 | 9938.0 |
       Dungeon |   9938 |   9254 |    684 |   6468 |      0 |   1 | 9938.0 |
               +--------+--------+--------+--------+--------+-----+--------+

Top non-repeatable levels by time:
       D: 9938 daAuts
